 Dungeon Crawl Stone Soup version 0.28-a0-1555-g9ae15a6949 (webtiles) character file.

Game seed: 4804065775607181224

5 hashsling the Sneak (level 1, 5/12 HPs)
             Began as a Gargoyle Wanderer on Jan 18, 2022.
             Quit the game on level 1 of the Dungeon.
             The game lasted 00:02:37 (241 turns).

hashsling the Sneak (Gargoyle Wanderer)              Turns: 241, Time: 00:02:37

Health: 5/12       AC:  6    Str: 17    XL:     1   Next: 80%
Magic:  1/1        EV: 11    Int: 10    God:
Gold:   15         SH:  0    Dex:  9    Spells: 0/0 levels left

rFire   . . .      SeeInvis .   a - +0 dagger
rCold   . . .      Faith    .   (no shield)
rNeg    + . .      Spirit   .   g - +0 leather armour
rPois   ∞          Reflect  .   (no helmet)
rElec   +          Harm     .   l - +0 cloak
rCorr   .          Rampage  .   (no gloves)
Will    .....                   (no boots)
Stlth   ++........              (no amulet)
HPRegen 0.04/turn               (no ring)
MPRegen 0.07/turn               (no ring)

@: no status effects
A: sickness immunity, AC +2, negative energy resistance 1, electricity
resistance, torment resistance 1, petrification resistance
a: no special abilities


You were on level 1 of the Dungeon.
You visited 1 branch of the dungeon, and saw 1 of its levels.

You collected 15 gold pieces.

Inventory:

Hand Weapons
 a - a +0 dagger (weapon)
 d - a +0 hand crossbow
Missiles
 b - 2 atropa-tipped darts (quivered)
 c - 2 datura-tipped darts
 e - 23 bolts
Armour
 g - a +0 leather armour (worn)
 l - a +0 cloak (worn)
Wands
 f - a wand of polymorph (5)
Scrolls
 k - 2 scrolls of vulnerability {unknown}
Potions
 h - a potion of degeneration {unknown}
 i - a potion of curing {unknown}
 j - a potion of cancellation {unknown}


   Skills:
 * Level 1.1 Fighting
 - Level 1.0 Crossbows
 + Level 2.4 Armour
 - Level 1.0 Dodging
 - Level 3.2 Stealth
 - Level 2.6 Evocations


You couldn't memorise any spells.
You didn't know any spells.
Your spell library was empty.

Dungeon Overview and Level Annotations

Branches:
Dungeon (1/15)

Altars:


Innate Abilities, Weirdness & Mutations

You are immune to sickness and miasma.
Your stone body is resilient. (AC +2)
You are immune to poison.
You resist negative energy. (rN+)
You are resistant to electric shocks. (rElec)
You are resistant to unholy torment.
You are immune to petrification.


Message History

The frilled lizard closely misses you.
You hit the frilled lizard.
You kill the frilled lizard!
Your Fighting skill increases to level 1!
Found a leather armour.
A goblin comes into view. It is wielding a +0 dagger.
The goblin closely misses you.
You hit the goblin.
You kill the goblin!
Things that are here:
a +0 dagger; a goblin corpse You see here a quokka corpse.
A giant cockroach comes into view.
An endoplasm comes into view.
Found a plate armour.
Found a stone staircase leading down.
A rat comes into view.
The giant cockroach bites you but does no damage.
You barely miss the giant cockroach.
The endoplasm quivers.
The giant cockroach bites you but does no damage.
You completely miss the giant cockroach.
The giant cockroach misses you. The endoplasm completely misses you.
You hit the giant cockroach but do no damage.
The giant cockroach bites you but does no damage.
The endoplasm hits you but does no damage.
The giant cockroach closely misses you.
You barely miss the giant cockroach.
The giant cockroach bites you but does no damage.
The endoplasm freezes you.
You are frozen.
You barely miss the giant cockroach. The giant cockroach closely misses you.
The endoplasm freezes you.
You are frozen.
You are too injured to fight recklessly!
You are too injured to fight recklessly!
You are too injured to fight recklessly!
You are too injured to fight recklessly!
Unknown command.
Unknown command.
Are you sure you want to abandon this character and quit the game? (Confirm with "yes".)

# # ######### ##
.......# ######.
.......# ##......
......###..#.>## .
###..#.........#..
..^.###.......... #...#
.....rB@.....# ##.###
..>...J[.#.#### ###..#
....######....###...####
... #.##.....##.... .
.## #.##.†##.....## ...
#.........####
##.####......##
..........#...#
###......####.# #


You could see an endoplasm, a giant cockroach and a rat.

Vanquished Creatures
  A bat (D:1)
  A hobgoblin (D:1)
  A quokka (D:1)
  A frilled lizard (D:1)
  A goblin (D:1)
5 creatures vanquished.

Notes
Turn   | Place    | Note
-------+----------+-------------------------------------------
     0 | D:1      | hashsling the Gargoyle Wanderer began the quest for the
                  | Orb.
     0 | D:1      | hashsling set off with the following items: a +0 dagger, 2
                  | atropa-tipped darts, 2 datura-tipped darts, a +0 hand
                  | crossbow, 23 bolts, a wand of polymorph (5), a +0 leather
                  | armour
     0 | D:1      | Reached XP level 1. HP: 10/10 MP: 1/1
   142 | D:1      | Reached skill level 1 in Fighting
   241 | D:1      | Quit the game

Illustrated notes

Levels and vault maps discovered:
D:1:      sevenhm_arrival_forest_fort_small_1, layout_rooms

Skill      XL: |  1 |
---------------+----+-----
Fighting       | 1 |  1.1
Crossbows      | |  1.0
Armour         | |  2.4
Dodging        | |  1.0
Stealth        | |  3.2
Evocations     | |  2.6

Action                   || total
-------------------------++-------
Melee: Dagger            ||    19
Throw: Dart              ||     2
Armor: Leather armour    ||    14
Dodge: Dodged            ||    17

Table legend: (Time is in decaauts)
 A = Elapsed time spent in this place.
 B = Non-inter-level travel time spent in this place.
 C = Inter-level travel time spent in this place.
 D = Time resting spent in this place.
 E = Time spent auto-exploring this place.
 F = Levels seen in this place.
 G = Mean time per level.
                   A        B        C        D        E       F      G
               +--------+--------+--------+--------+--------+-----+--------+
         Total |    242 |    242 |      0 |      0 |    165 |   1 |  242.0 |
       Dungeon |    242 |    242 |      0 |      0 |    165 |   1 |  242.0 |
               +--------+--------+--------+--------+--------+-----+--------+

Top non-repeatable levels by time:
     D:1: 242 daAuts
